 Dungeon Crawl Stone Soup version 0.21.0 (webtiles) character file.

431116 mopl the Shatterer (level 22, 0/306 HPs)
             Began as a Minotaur Berserker on Jan 6, 2018.
             Was the Champion of Trog.
             Shot with a bolt by a yaktaur captain (34 damage)
             ... on level 5 of the Vaults.
             The game lasted 02:17:56 (39660 turns).

mopl the Shatterer (Minotaur Berserker)            Turns: 39660, Time: 02:17:57

Health: 0/306      AC: 27    Str: 30    XL:     22   Next: 52%
Magic:  32/32      EV: 17    Int:  4    God:    Trog [******]
Gold:   2897       SH:  0    Dex: 20    Spells: 21/21 levels left

rFire    + + .     SeeInvis +   a - +9 great mace (crush)
rCold    + + .     Gourm    .   (shield currently unavailable)
rNeg     + . .     Faith    .   h - +0 gold dragon scales
rPois    +         Spirit   .   k - +2 hat
rElec    .         Reflect  .   E - scarf {cloud immunity}
rCorr    .         Harm     .   o - +0 pair of fencer's gloves {+Riposte Dex+3}
MR       +++++                  v - +0 pair of boots
Stlth    ..........             e - amulet "Yploonniyr" {MR+++ Regen+}
HPRegen  2.01/turn              S - ring of protection from cold
MPRegen  0.23/turn              y - ring of the Postmodern Eyes {rF+ rN+ SInv, =R}

@: berserking (expiring), regenerating, studying Throwing, drained, very quick
A: retaliatory headbutt, horns 2
}: 3/15 runes: barnacled, silver, gossamer
a: Berserk, Trog's Hand, Brothers in Arms, Burn Spellbooks, Renounce Religion


You were on level 5 of the Vaults.
You worshipped Trog.
Trog was exalted by your worship.
You were very hungry.

You visited 8 branches of the dungeon, and saw 40 of its levels.
You visited the Abyss 1 time.
You also visited: Ice Cave and Desolation.

You collected 5774 gold pieces.
You spent 2877 gold pieces at shops.

Inventory:

Hand Weapons
 a - a +9 great mace of crushing (weapon)
 b - a +2 antimagic great mace
 V - a +5 great mace of holy wrath
Missiles
 i - 37 javelins (quivered)
 p - 15 javelins of penetration
 I - 4 needles of paralysis
 R - 4 throwing nets
Armour
 h - +0 gold dragon scales (worn)
 k - a +2 hat (worn)
 o - the +0 pair of fencer's gloves (worn) {+Riposte Dex+3}
   (You bought it in a shop on level 2 of the Orcish Mines)

   It affects your dexterity (+3).
 v - a +0 pair of boots (worn)
 E - a scarf of cloud immunity (worn)
Jewellery
 e - the amulet "Yploonniyr" (around neck) {MR+++ Regen+}
   (You took it off a deep elf demonologist on level 3 of the Elven Halls)

   [amulet of regeneration]

   It affects your resistance to hostile enchantments.
   It increases your rate of regeneration.
 n - the ring of Wasock {*Corrode Int+3 Dex+10 Slay+4}
   (You took it off a deep elf death mage on level 3 of the Elven Halls)

   [ring of intelligence]

   It affects your intelligence (+3).
   It affects your dexterity (+10).
   It affects your accuracy and damage with ranged weapons and melee attacks
   (+4).
   It may corrode you when you take damage.
 y - the ring of the Postmodern Eyes (right hand) {rF+ rN+ SInv, =R}
   (You took it off a deep elf mage on level 3 of the Elven Halls)

   [ring of positive energy]

   It protects you from fire.
   It protects you from negative energy.
   It lets you see invisible.
 D - an uncursed ring of flight
 S - a ring of protection from cold (left hand)
Wands
 d - a wand of scattershot (5)
 x - a wand of polymorph (72)
 A - a wand of paralysis (27)
 J - a wand of iceblast (18)
 K - a wand of acid (23)
 N - a wand of clouds (5)
 P - a wand of digging (11)
Scrolls
 g - 15 scrolls of remove curse
 j - 24 scrolls of teleportation
 w - 9 scrolls of magic mapping
 z - 6 scrolls of fear
 H - 2 scrolls of fog
 M - 4 scrolls of identify
 U - 4 scrolls of blinking
 Y - 2 scrolls of vulnerability
 Z - 3 scrolls of summoning
Potions
 f - 9 potions of might
 l - 22 potions of curing
 m - 3 potions of invisibility
 r - 6 potions of haste
 s - 4 potions of ambrosia
 t - 8 potions of flight
 B - 5 potions of agility
 F - 2 potions of heal wounds
 L - 3 potions of cancellation
 Q - 4 potions of resistance
Books
 q - a manual of Throwing
Miscellaneous
 C - a lightning rod (4/4)
 G - a fan of gales
 O - a phantom mirror
 T - 3 sacks of spiders
 W - a lamp of fire
 X - a phial of floods
Comestibles
 c - 70 rations
 u - 7 chunks of flesh


   Skills:
 + Level 18.7(18.6) Fighting
 - Level 24.0(23.8) Maces & Flails
 + Level 16.5(16.4) Throwing
 + Level 18.6(18.5) Armour
 + Level 16.0 Dodging
 + Level 14.8(14.7) Evocations


You had 21 spell levels left.
You didn't know any spells.

Dungeon Overview and Level Annotations

Branches:
Dungeon (15/15)            Temple (1/1) D:7            Lair (6/6) D:9
 Shoals (4/4) Lair:3       Spider (4/4) Lair:3        Slime (0/5) Lair:5
    Orc (2/2) D:10            Elf (3/3) Orc:2        Vaults (5/5) D:14
  Crypt (0/3) Vaults:3     Depths (0/5) D:15

Altars:
Cheibriados
Elyvilon
Fedhas
Nemelex Xobeh
Okawaru
Ru
Yredelemnul

Shops:
D:5 %   D:7 :   D:9 *   D:10 ((([(   D:12 *:*   D:13 *   D:14 %   Orc:2 *}![%*
Elf:3 *   Vaults:1 [   Vaults:2 *%   Vaults:3 (   Vaults:4 :(

Portals:
Pandemonium: Orc:2
Trove: D:10 (give 18 potions of curing)

Annotations:
Elf:2 3 runed doors


Innate Abilities, Weirdness & Mutations

You reflexively headbutt those who attack you in melee.
You have a pair of horns on your head.


Message History

You headbutt the vault warden, but do no damage.
The shadow dragon bites you!
* * * LOW HITPOINT WARNING * * *
The shadow dragon claws you but does no damage.
The shadow dragon closely misses you.
The vault warden hits you with a war axe of distortion!
* * * LOW HITPOINT WARNING * * *
Space bends around you.
* * * LOW HITPOINT WARNING * * *
You beat the shadow dragon like a drum!!!
Your headbutt misses the shadow dragon.
The shadow dragon is severely wounded.
You hear a shout!
The yaktaur completely misses you.
A tentacled monstrosity comes into view.
Unknown command.
You bludgeon the shadow dragon!! You headbutt the shadow dragon.
The shadow dragon is almost dead.
The yaktaur captain shoots a bolt.
The bolt hits you!!
You die...

. .# #. #.## #'#
##.(.##. X.##......
c......# .D...#
#Dcc.###$$ #@†...'..
##pp..###. #.
.###C....## #.
.........(..#### #....#.
.##...##.......###....#.
##'# ##...##..##....#.
#. ##.## #.##....#. $
#.####.##[...#. $$
#..##..##.(..#.


You could see 2 shadow dragons, a tentacled monstrosity, a fire giant, a vault
warden, a yaktaur captain, a vault sentinel and 2 yaktaurs.

Vanquished Creatures
  An ancient lich (Vaults:5)
  Bai Suzhen (Vaults:5)
  Saint Roka (Elf:2)
  3 golden dragons (Vaults:5)
  Nikola (Shoals:4)
  A tentacled monstrosity (Vaults:5)
  2 deep elf master archers (Elf:3)
  A deep elf blademaster (Elf:3)
  3 titans (Vaults:5)
  Asterion (Elf:1)
  2 sphinxes
  A quicksilver dragon (Vaults:5)
  Frances (Shoals:1)
  A kraken (Shoals:3)
  Donald (Elf:2)
  3 tengu reavers (Vaults:5)
  3 shadow dragons
  3 storm dragons
  4 frost giants
  Ilsuiw (Shoals:4)
  An iron dragon (Vaults:5)
  3 emperor scorpions (Spider:4)
  3 fire giants (Vaults:4)
  A cacodemon (Abyss:3)
  12 vault wardens
  6 deep elf sorcerers
  2 ghost moths (Spider:4)
  An imperial myrmidon (Desolation)
  Aizul (Elf:3)
  3 deep elf elementalists (Elf:3)
  7 stone giants
  2 war gargoyles
  6 ironheart preservers
  A very ugly thing (Vaults:4)
  3 entropy weavers
  Nessos (D:14)
  11 deep elf demonologists
  3 spark wasps
  3 halazid warlocks (Desolation)
  3 merfolk javelineers (Shoals:4)
  10 deep elf annihilators
  Snorg (Lair:6)
  8 deep elf death magi
  5 merfolk impalers
  4 ettins
  6 ragged hierophants (Desolation)
  9 yaktaur captains
  6 fire dragons
  3 crystal guardians
  24 vault guards
  6 deep elf high priests
  2 great orbs of eyes (Vaults:2)
  8 hydras
  6 peacekeepers (Desolation)
  9 servants of whispers (Desolation)
  2 ice dragons
  A rakshasa (Vaults:2)
  Erica (D:8)
  2 alligator snapping turtles
  3 centaur warriors
  2 satyrs
  A death knight (Vaults:4)
  27 two-headed ogres
  4 merfolk aquamancers
  15 death yaks
  A tengu warrior (D:15)
  18 dancing weapons
  7 ogre magi
  A deep troll earth mage (Vaults:4)
  3 hell hogs (Abyss:3)
  A thrashing horror (Abyss:3)
  7 orc high priests (Orc:2)
  17 deep elf knights
  3 sun demons
  A wretched star (Abyss:2)
  A skeletal warrior (D:14)
  2 fire crabs (shapeshifter)
  An unseen horror (D:15)
  A sixfirhy (Abyss:3)
  A torturous demonspawn (Orc:2)
  16 sea snakes
  13 deep elf archers
  A gelid demonspawn (Orc:2)
  A swamp dragon (shapeshifter) (Vaults:5)
  3 deep trolls (Vaults:4)
  2 wizards
  A kraken simulacrum (Shoals:4)
  A necromancer (Lair:6)
  A phantasmal warrior (Vaults:5)
  A glowing orange brain (Vaults:5)
  26 orb spiders
  2 lindwurms (Lair:6)
  16 orc knights
  11 harpies
  A large abomination (Abyss:2)
  26 wolf spiders
  Pikel (D:7)
  9 ironbrand convokers
  13 ugly things
  A faun (shapeshifter) (Vaults:5)
  14 manticores
  50 deep elf magi
  20 fauns
  A wolf spider (shapeshifter) (Vaults:4)
  7 cyclopes
  9 orc sorcerers
  2 oklob plants (D:14)
  An elephant (shapeshifter) (Vaults:5)
  A rust devil (Orc:2)
  A worldbinder (Abyss:3)
  2 guardian serpents (Desolation)
  A moth of wrath (Spider:1)
  4 black mambas
  2 ice statues (IceCv)
  14 merfolk sirens
  6 elephants (Lair:6)
  An apocalypse crab (Abyss:3)
  2 torpor snails
  2 orange demons
  11 vault sentinels
  2 naga magi (D:15)
  6 molten gargoyles
  2 gargoyles
  4 kobold demonologists
  3 water nymphs
  7 spiny frogs
  12 komodo dragons
  4 rime drakes
  A smoke demon (Abyss:3)
  A yaktaur (shapeshifter) (Vaults:4)
  36 yaktaurs
  14 demonic crawlers
  2 freezing wraiths
  A queen bee (Lair:3)
  A tengu conjurer (D:15)
  9 trolls
  36 jumping spiders
  22 merfolk
  2 meliai (shapeshifter)
  59 saltlings (Desolation)
  A hornet (shapeshifter) (Vaults:4)
  5 raiju
  A troll (shapeshifter) (D:14)
  10 hornets
  11 blink frogs
  6 wind drakes
  17 polar bears
  13 hippogriffs
  A tengu simulacrum (Vaults:1)
  4 slime creatures (Vaults:2)
  7 dream sheep
  9 snapping turtles
  7 air elementals
  A spriggan (D:9)
  28 tarantellas
  27 yaks
  10 water elementals
  3 shadows
  6 fire elementals
  81 redbacks
  4 wyverns
  3 basilisks
  4 hungry ghosts
  2 chaos spawn (Orc:2)
  A steam dragon (Lair:5)
  Menkaure (D:4)
  7 wargs
  Edmund (D:4)
  An acid dragon (D:12)
  12 water moccasins
  9 porcupines
  8 hell hounds
  3 ice beasts
  2 sky beasts
  46 orc warriors
  An ettin simulacrum (Vaults:2)
  3 necrophages
  21 ogres
  A black bear (D:11)
  An eye of draining (D:15)
  14 centaurs
  22 wolves
  A boggart (D:14)
  13 crocodiles
  7 big kobolds
  11 bullfrogs
  3 gnoll sergeants
  3 earth elementals
  7 scorpions
  A wyvern skeleton (D:7)
  37 killer bees
  13 wights
  8 howler monkeys
  2 electric eels (Lair:3)
  2 bullfrog zombies
  10 crimson imps
  4 lava snakes (Lair:6)
  3 centaur zombies
  2 quasits
  11 hounds
  6 jellies
  41 orc priests
  3 gnoll shamans
  33 orc wizards
  A bullfrog skeleton (D:6)
  8 centaur skeletons
  An iguana (D:11)
  10 worker ants
  2 yak simulacra (Lair:6)
  2 polar bear simulacra (Lair:6)
  4 wolf simulacra (Lair:6)
  A hound skeleton (D:10)
  A hound zombie (D:11)
  Robin (D:4)
  2 worker ant zombies (D:5)
  11 gnolls
  12 adders
  7 shadow imps
  4 oozes
  An adder zombie (D:6)
  2 adder skeletons
  2 worms
  2 dart slugs
  3 leopard geckos
  132 orcs
  6 bats
  A giant cockroach (D:1)
  23 hobgoblins
  7 jackals
  7 quokkas
  14 frilled lizards
  A giant cockroach zombie (D:5)
  19 goblins
  38 kobolds
  4 rats
  3 river rat simulacra (Lair:6)
  A butterfly (Lair:1)
  2 plants (Shoals:3)
  5 tentacles (Shoals:3)
1835 creatures vanquished.

Vanquished Creatures (collateral kills)
  A lich (Vaults:4)
  A tentacled monstrosity (Vaults:4)
  An ironheart preserver (Vaults:4)
  A spark wasp (Spider:4)
  A merfolk impaler (Shoals:4)
  2 merfolk aquamancers
  A two-headed ogre (Vaults:2)
  A satyr (Shoals:4)
  An ogre mage (Vaults:2)
  A skeletal warrior (Vaults:2)
  2 gelid demonspawn (Orc:2)
  A moth of wrath (Spider:4)
  A merfolk siren (Shoals:1)
  Joseph (D:7)
  5 merfolk
  A slime creature (Vaults:2)
  2 hornets (Spider:4)
  Prince Ribbit (D:7)
  2 water elementals (Shoals:1)
27 creatures vanquished.

Vanquished Creatures (others)
  A deep elf mage (Elf:2)
  A redback (Spider:2)
  A hell hound (Lair:6)
  An orc (Vaults:5)
  2 kobolds (D:7)
  22 fungi
  14 plants
  7 tentacles (Shoals:3)
49 creatures vanquished.

Grand Total: 1911 creatures vanquished

Notes
Turn   | Place    | Note
-------+----------+-------------------------------------------
     0 | D:1      | mopl the Minotaur Berserker began the quest for the Orb.
     0 | D:1      | Reached XP level 1. HP: 19/19 MP: 0/0
   232 | D:1      | Reached skill level 4 in Maces & Flails
   244 | D:1      | Reached XP level 2. HP: 26/26 MP: 1/1
   335 | D:1      | Reached skill level 5 in Maces & Flails
   434 | D:1      | Reached XP level 3. HP: 29/31 MP: 2/2
   518 | D:1      | Reached ** piety under Trog
   938 | D:2      | Reached skill level 6 in Maces & Flails
   938 | D:2      | Reached XP level 4. HP: 23/39 MP: 3/3
  1592 | D:3      | Reached skill level 7 in Maces & Flails
  1592 | D:3      | Reached XP level 5. HP: 35/45 MP: 4/4
  1615 | D:3      | Found a snail-covered altar of Cheibriados.
  2082 | D:3      | Reached *** piety under Trog
  2139 | D:3      | Found a basalt altar of Yredelemnul.
  2196 | D:4      | Reached skill level 8 in Maces & Flails
  2200 | D:4      | Reached XP level 6. HP: 48/51 MP: 5/5
  2411 | D:4      | Noticed Robin
  2430 | D:4      | Killed Robin
  2567 | D:4      | Noticed Menkaure
  2575 | D:4      | Killed Menkaure
  2575 | D:4      | Reached skill level 9 in Maces & Flails
  2812 | D:4      | Noticed Edmund
  2825 | D:4      | Killed Edmund
  2825 | D:4      | Reached skill level 10 in Maces & Flails
  2825 | D:4      | Reached XP level 7. HP: 57/57 MP: 6/6
  3162 | D:5      | Entered Level 5 of the Dungeon
  3169 | D:5      | Reached skill level 1 in Throwing
  3188 | D:5      | Reached skill level 4 in Fighting
  3188 | D:5      | Reached skill level 3 in Armour
  3216 | D:5      | Reached skill level 1 in Evocations
  3233 | D:5      | Reached **** piety under Trog
  3235 | D:5      | Reached XP level 8. HP: 37/67 MP: 7/7
  3331 | D:5      | Reached skill level 2 in Throwing
  3513 | D:5      | Found Wobio's Food Boutique.
  3521 | D:5      | Reached skill level 4 in Armour
  3521 | D:5      | Reached skill level 2 in Evocations
  4075 | D:6      | Found a sparkling altar of Nemelex Xobeh.
  4174 | D:7      | Reached skill level 5 in Fighting
  4174 | D:7      | Reached skill level 11 in Maces & Flails
  4187 | D:7      | Found Isihufoo's Book Shoppe.
  4275 | D:7      | Reached skill level 3 in Throwing
  4436 | D:7      | Found a transporter.
  4453 | D:7      | Noticed a kobold demonologist
  4459 | D:7      | Found a transporter.
  4518 | D:7      | Reached XP level 9. HP: 67/73 MP: 10/10
  4838 | D:7      | Reached skill level 5 in Armour
  4888 | D:7      | Reached skill level 3 in Evocations
  4902 | D:7      | Noticed Pikel
  4918 | D:7      | Killed Pikel
  4918 | D:7      | Reached skill level 6 in Fighting
  4918 | D:7      | Reached skill level 12 in Maces & Flails
  4935 | D:7      | Reached ***** piety under Trog
  5030 | D:7      | Reached skill level 4 in Throwing
  5097 | D:7      | Noticed Prince Ribbit
  5104 | D:7      | Noticed Joseph
  5108 | D:7      | Killed Prince Ribbit
  5111 | D:7      | Killed Joseph
  5216 | D:7      | Found a staircase to the Ecumenical Temple.
  5229 | Temple   | Entered the Ecumenical Temple
  5287 | D:7      | Found a blossoming altar of Fedhas.
  5351 | D:7      | Noticed a soul eater
  5353 | D:7      | Noticed a sixfirhy
  5355 | D:7      | Noticed a soul eater
  5359 | D:7      | Killed a kobold demonologist
  5359 | D:7      | Reached skill level 6 in Armour
  5360 | D:7      | Reached skill level 4 in Evocations
  5850 | D:8      | Reached XP level 10. HP: 71/83 MP: 12/12
  5916 | D:8      | Reached skill level 7 in Fighting
  6165 | D:8      | Noticed Erica
  6170 | D:8      | Killed Erica
  6170 | D:8      | Reached skill level 13 in Maces & Flails
  6170 | D:8      | Reached skill level 5 in Throwing
  6421 | D:8      | Received a gift from Trog
  6682 | D:8      | Received a gift from Trog
  7064 | D:9      | Found an iron altar of Okawaru.
  7118 | D:9      | Reached skill level 7 in Armour
  7173 | D:9      | Found Jebiv's General Store.
  7183 | D:9      | Bought 3 scrolls of enchant weapon for 315 gold pieces
  7183 | D:9      | Bought 3 curare-tipped needles for 25 gold pieces
  7225 | D:9      | Found a staircase to the Lair.
  7250 | D:9      | Reached skill level 5 in Evocations
  7656 | Lair:1   | Entered Level 1 of the Lair of Beasts
  7671 | Lair:1   | Reached skill level 8 in Fighting
  7710 | D:10     | Entered Level 10 of the Dungeon
  7849 | D:10     | Reached skill level 6 in Throwing
  7875 | D:10     | Found Godic's Weapon Emporium.
  7876 | D:10     | Found a staircase to the Orcish Mines.
  7878 | D:10     | Found Caups's Armour Emporium.
  7902 | D:10     | Got a faintly humming chain mail
  7908 | D:10     | Reached XP level 11. HP: 63/94 MP: 14/14
  7917 | D:10     | Noticed a two-headed ogre
  7922 | D:10     | Killed a two-headed ogre
  7922 | D:10     | Reached skill level 14 in Maces & Flails
  7936 | D:10     | Found Couteol's Weapon Boutique.
  8022 | D:10     | Found a portal to a secret trove of treasure.
  8065 | D:10     | Bought 8 needles of paralysis for 81 gold pieces
  8079 | D:10     | Reached skill level 8 in Armour
  8101 | D:10     | Found Leyweolu's Antique Weapon Shop.
  8214 | D:10     | Found Iceingan's Antique Weapon Emporium.
  8349 | D:10     | Identified the +6 chain mail of Kohuek {Str-5 Dex+4} (You took it off an orc on level 10 of the Dungeon)
  8471 | D:11     | Noticed a cyan ugly thing
  8476 | D:11     | Killed a cyan ugly thing
  8476 | D:11     | Received a gift from Trog
  8526 | D:11     | Reached skill level 9 in Fighting
  8822 | D:11     | Reached skill level 6 in Evocations
  9081 | D:11     | Reached skill level 7 in Throwing
  9174 | D:11     | Received a gift from Trog
  9512 | D:12     | Noticed a deep elf mage
  9522 | D:12     | Killed a deep elf mage
  9558 | D:12     | Reached skill level 15 in Maces & Flails
  9558 | D:12     | Reached skill level 9 in Armour
  9746 | D:12     | Noticed a deep elf mage
  9751 | D:12     | Noticed a deep elf mage
  9758 | D:12     | Killed a deep elf mage
  9775 | D:12     | Killed a deep elf mage
  9775 | D:12     | Reached XP level 12. HP: 48/105 MP: 15/15
 10117 | D:12     | Found Ecel Lyu's Assorted Antiques.
 10129 | D:12     | Bought a scroll labeled KIOQYTR YTUSM for 27 gold pieces
 10163 | D:12     | Reached skill level 3 in Dodging
 10167 | D:12     | Received a gift from Trog
 10203 | D:12     | Found Ruowo's Book Shop.
 10266 | D:12     | You fall through a shaft!
 10270 | D:13     | Found a sacrificial altar of Ru.
 10286 | D:13     | Noticed a two-headed ogre
 10295 | D:13     | Killed a two-headed ogre
 10535 | D:12     | Found Vekequdgh's General Store.
 10542 | D:12     | Bought a scroll of teleportation for 42 gold pieces
 10542 | D:12     | Bought a scroll of vulnerability for 105 gold pieces
 10542 | D:12     | Bought a scroll of teleportation for 42 gold pieces
 10855 | D:13     | Reached skill level 10 in Fighting
 11067 | D:13     | Found Xaomn's General Store.
 11103 | D:13     | Reached skill level 7 in Evocations
 11186 | D:13     | Noticed a centaur warrior
 11195 | D:13     | Killed a centaur warrior
 11195 | D:13     | Reached skill level 4 in Dodging
 11300 | D:13     | Reached skill level 8 in Throwing
 11912 | Lair:1   | Got an ancient bardiche
 11913 | Lair:1   | Identified the +2 bardiche of Awkwardness {elec, Dex+3} (You found it on level 1 of the Lair of Beasts)
 12331 | Lair:1   | Reached skill level 16 in Maces & Flails
 12331 | Lair:1   | Reached skill level 10 in Armour
 13411 | Lair:3   | Noticed a seven-headed hydra
 13416 | Lair:3   | Killed a seven-headed hydra
 13416 | Lair:3   | Reached skill level 5 in Dodging
 13466 | Lair:3   | Received a gift from Trog
 13469 | Lair:3   | Reached XP level 13. HP: 90/113 MP: 17/17
 13920 | Lair:3   | Found a hole to the Spider Nest.
 13922 | Lair:3   | Found a staircase to the Shoals.
 14670 | Lair:3   | Reached skill level 11 in Fighting
 14804 | Lair:4   | Reached skill level 8 in Evocations
 14913 | Lair:4   | Reached skill level 6 in Dodging
 15040 | Lair:4   | Reached skill level 9 in Throwing
 15312 | Lair:4   | Received a gift from Trog
 15906 | Lair:5   | Reached skill level 17 in Maces & Flails
 15999 | Lair:5   | Reached skill level 11 in Armour
 16175 | Lair:5   | Received a gift from Trog
 16323 | Lair:5   | Reached XP level 14. HP: 124/124 MP: 19/19
 16325 | Lair:5   | Reached skill level 7 in Dodging
 16777 | Lair:5   | Found a staircase to the Slime Pits.
 16903 | Lair:6   | Entered Level 6 of the Lair of Beasts
 17113 | Lair:6   | Reached skill level 12 in Fighting
 17666 | Lair:6   | Reached skill level 9 in Evocations
 17769 | Lair:6   | Noticed Snorg
 17770 | Lair:6   | Found a large runed door.
 17771 | Lair:6   | Found a large runed door.
 17778 | Lair:6   | Killed Snorg
 17788 | Lair:6   | Reached skill level 10 in Throwing
 18170 | Lair:6   | Received a gift from Trog
 18173 | Lair:6   | Reached skill level 8 in Dodging
 18423 | Orc:1    | Entered Level 1 of the Orcish Mines
 18692 | Orc:1    | Reached skill level 18 in Maces & Flails
 18821 | Orc:2    | Entered Level 2 of the Orcish Mines
 18909 | Orc:2    | Reached ****** piety under Trog
 18921 | Orc:2    | Found Ipoohogy's Incredible Inventory.
 19207 | Orc:2    | Received a gift from Trog
 19355 | Orc:2    | Found Yti Bal's Food Shop.
 19411 | Orc:2    | Found Lidwijisk's Distillery.
 19419 | Orc:2    | Received a gift from Trog
 19438 | Orc:2    | Reached skill level 12 in Armour
 19477 | Orc:2    | Bought a potion of agility for 56 gold pieces
 19477 | Orc:2    | Bought a potion of curing for 42 gold pieces
 19477 | Orc:2    | Bought 2 potions of curing for 84 gold pieces
 19477 | Orc:2    | Bought 2 potions of curing for 84 gold pieces
 19477 | Orc:2    | Bought a potion of flight for 42 gold pieces
 19508 | Orc:2    | Found Webliw's General Store.
 19531 | Orc:2    | Found a staircase to the Elven Halls.
 19533 | Orc:2    | Bought a scroll of teleportation for 51 gold pieces
 19533 | Orc:2    | Bought a scroll of identify for 34 gold pieces
 19533 | Orc:2    | Bought a scroll of magic mapping for 59 gold pieces
 19571 | Orc:2    | Received a gift from Trog
 19704 | Orc:2    | Received a gift from Trog
 19860 | Orc:2    | Reached XP level 15. HP: 133/133 MP: 21/21
 19981 | Orc:2    | Found Caages's Gadget Shoppe.
 19981 | Orc:2    | Found Poawemn's Antique Armour Emporium.
 19981 | Orc:2    | Found a one-way gate leading to the halls of Pandemonium.
 19992 | Orc:2    | Bought the +0 pair of fencer's gloves {+Riposte Dex+3} for 1240 gold pieces
 19992 | Orc:2    | Found the +0 pair of fencer's gloves {+Riposte Dex+3}
 20437 | Elf:1    | Entered Level 1 of the Elven Halls
 20614 | Elf:1    | Noticed Asterion
 20620 | Elf:1    | Killed Asterion
 20620 | Elf:1    | Reached skill level 9 in Dodging
 21196 | Elf:1    | Received a gift from Trog
 21219 | Elf:1    | Reached skill level 13 in Fighting
 21698 | Elf:2    | Reached skill level 19 in Maces & Flails
 21702 | Elf:2    | Reached skill level 10 in Evocations
 21807 | Elf:2    | Noticed Donald
 21818 | Elf:2    | Killed Donald
 21818 | Elf:2    | Reached skill level 11 in Throwing
 22124 | Elf:2    | Received a gift from Trog
 22331 | Elf:2    | Reached skill level 13 in Armour
 22423 | Elf:2    | Noticed Saint Roka
 22442 | Elf:2    | Killed Saint Roka
 22442 | Elf:2    | Reached XP level 16. HP: 128/143 MP: 22/22
 22527 | Elf:2    | Reached skill level 10 in Dodging
 22621 | Elf:2    | Found a runed gate.
 22621 | Elf:2    | Found a runed gate.
 22621 | Elf:2    | Found a runed gate.
 22687 | Elf:3    | Entered Level 3 of the Elven Halls
 22694 | Elf:3    | Found Waecid's General Store.
 22698 | Elf:3    | Bought a scroll of amnesia for 52 gold pieces
 22698 | Elf:3    | Bought a scroll of identify for 30 gold pieces
 22698 | Elf:3    | Bought a scroll of summoning for 142 gold pieces
 22773 | Elf:3    | Received a gift from Trog
 23020 | Elf:3    | Noticed a Tzitzimitl
 23027 | Elf:3    | Noticed an Ice Fiend
 23760 | Elf:3    | Noticed a Hell Sentinel
 23915 | Elf:3    | Reached skill level 14 in Fighting
 23919 | Elf:3    | Reached skill level 20 in Maces & Flails
 24070 | Elf:3    | Noticed a deep elf blademaster
 24081 | Elf:3    | Killed a deep elf blademaster
 24081 | Elf:3    | Received a gift from Trog
 24090 | Elf:3    | Noticed Aizul
 24109 | Elf:3    | Killed Aizul
 24229 | Elf:3    | Got a translucent glass ring
 24237 | Elf:3    | Identified the ring of Wasock {*Corrode Int+3 Dex+10 Slay+4} (You took it off a deep elf death mage on level 3 of the Elven Halls)
 24277 | Elf:3    | Reached skill level 11 in Evocations
 24323 | Elf:3    | Noticed a deep elf master archer
 24338 | Elf:3    | Received a gift from Trog
 24347 | Elf:3    | Killed a deep elf master archer
 24347 | Elf:3    | Reached skill level 11 in Dodging
 24347 | Elf:3    | Reached XP level 17. HP: 97/151 MP: 7/24
 24354 | Elf:3    | Noticed a deep elf master archer
 24357 | Elf:3    | Killed a deep elf master archer
 24357 | Elf:3    | Reached skill level 12 in Throwing
 24357 | Elf:3    | Reached skill level 14 in Armour
 24365 | Elf:3    | Received a gift from Trog
 24423 | Elf:3    | Identified the ring of the Postmodern Eyes {rF+ rN+ SInv} (You took it off a deep elf mage on level 3 of the Elven Halls)
 24534 | Elf:3    | Identified a scroll of acquirement
 24536 | Elf:3    | Got a scorched buckler
 24618 | Elf:3    | Got a pitted brass amulet
 24620 | Elf:3    | Identified the amulet "Saasesan" {Inacc Dex+2} (You found it on level 3 of the Elven Halls)
 24653 | Elf:3    | Cast into level 2 of the Abyss (a deep elf demonologist)
 24669 | Abyss:2  | Found a corrupted altar of Lugonu.
 24751 | Abyss:2  | Received a gift from Trog
 24991 | Elf:3    | Escaped the Abyss
 25018 | Elf:3    | Identified the amulet "Yploonniyr" {MR+++ Regen+} (You took it off a deep elf demonologist on level 3 of the Elven Halls)
 25630 | Spider:1 | Entered Level 1 of the Spider Nest
 26258 | Spider:2 | Received a gift from Trog
 26262 | Spider:2 | Got a steaming great mace {god gift}
 26288 | Spider:2 | Identified the +1 great mace of Fuarr {crush, +Rage +Fly Str+2} (Trog gifted it to you on level 2 of the Spider Nest)
 26318 | Spider:2 | Reached skill level 21 in Maces & Flails
 26676 | Spider:2 | Reached skill level 15 in Fighting
 26930 | Spider:4 | Entered Level 4 of the Spider Nest
 26939 | Spider:3 | Received a gift from Trog
 26987 | Spider:3 | Reached XP level 18. HP: 116/163 MP: 25/25
 27037 | Spider:4 | Reached skill level 12 in Dodging
 27613 | Spider:4 | Reached skill level 15 in Armour
 27617 | Spider:4 | Received a gift from Trog
 27743 | Spider:4 | Received a gift from Trog
 27743 | Spider:4 | Reached skill level 12 in Evocations
 27912 | Spider:4 | Reached skill level 13 in Throwing
 27915 | Spider:4 | Got a gossamer rune of Zot
 28116 | Shoals:1 | Entered Level 1 of the Shoals
 28527 | Shoals:1 | Noticed Frances
 28536 | Shoals:1 | Killed Frances
 28537 | Shoals:1 | Received a gift from Trog
 28920 | Shoals:2 | Received a gift from Trog
 29000 | Shoals:2 | Reached skill level 22 in Maces & Flails
 29407 | Shoals:3 | Received a gift from Trog
 29632 | Shoals:3 | Received a gift from Trog
 29639 | Shoals:3 | Reached XP level 19. HP: 99/172 MP: 27/27
 29817 | Shoals:4 | Entered Level 4 of the Shoals
 29828 | Shoals:3 | Received a gift from Trog
 30028 | Shoals:4 | Reached skill level 13 in Dodging
 30112 | Shoals:4 | Received a gift from Trog
 30273 | Shoals:4 | Noticed Ilsuiw
 30289 | Shoals:4 | Killed Ilsuiw
 30429 | Shoals:4 | Reached skill level 16 in Fighting
 30445 | Shoals:4 | Noticed Nikola
 30459 | Shoals:4 | Killed Nikola
 30505 | Shoals:4 | Got a barnacled rune of Zot
 30811 | Shoals:4 | Identified the amulet "Caff" {Spirit +Inv rN+ Dex+2} (You took it off a merfolk siren on level 4 of the Shoals)
 31133 | D:14     | Noticed Nessos
 31147 | D:14     | Killed Nessos
 31151 | D:14     | Received a gift from Trog
 31321 | D:14     | Found Fogol's Food Emporium.
 31449 | D:14     | Found a blossoming altar of Fedhas.
 31644 | D:14     | Found a gate to the Vaults.
 31789 | D:14     | Reached skill level 16 in Armour
 31951 | D:15     | Entered Level 15 of the Dungeon
 31994 | D:15     | Found a frozen archway.
 32009 | IceCv    | Entered an ice cave
 32564 | D:15     | Received a gift from Trog
 32860 | D:15     | Found a staircase to the Depths.
 32927 | D:15     | Found a white marble altar of Elyvilon.
 33149 | Vaults:1 | Entered Level 1 of the Vaults
 33251 | Vaults:1 | Found Duakan's Antique Armour Shop.
 33671 | Vaults:1 | Received a gift from Trog
 33703 | Vaults:1 | Reached skill level 14 in Throwing
 33845 | Vaults:1 | Reached skill level 13 in Evocations
 33853 | Vaults:1 | Reached skill level 23 in Maces & Flails
 33853 | Vaults:1 | Reached XP level 20. HP: 102/182 MP: 28/28
 34162 | Vaults:2 | Received a gift from Trog
 34683 | Vaults:2 | Found Etuquufy's Food Shoppe.
 34781 | Vaults:2 | HP: 8/183 [two-headed ogre/giant spiked club (24)]
 34847 | Vaults:2 | Found Zovuyhen's Assorted Antiques.
 34855 | Vaults:2 | Bought a scroll of magic mapping for 87 gold pieces
 34855 | Vaults:2 | Bought a scroll of fear for 87 gold pieces
 34855 | Vaults:2 | Bought a scroll of identify for 50 gold pieces
 34855 | Vaults:2 | Bought an iron wand for 100 gold pieces
 34982 | Vaults:2 | Reached skill level 14 in Dodging
 35081 | Vaults:3 | Found Jiesu's Antique Weapon Boutique.
 35214 | Vaults:3 | Received a gift from Trog
 35227 | Vaults:3 | Found a ruined gateway.
 35244 | Desolati | Entered the Desolation of Salt
 35317 | Desolati | Reached skill level 17 in Fighting
 35467 | Desolati | Received a gift from Trog
 35669 | Desolati | Reached skill level 17 in Armour
 35750 | Desolati | Identified the ring "Ebralo" {rPois MR+} (You found it in the Desolation of Salt)
 35752 | Desolati | Identified the cursed +0 chain mail of Dim Light {Stlth+} (You found it in the Desolation of Salt)
 35800 | Desolati | Received a gift from Trog
 35846 | Desolati | Identified the amulet of Guelag {Harm *Drain MR+++ Int+4} (You found it in the Desolation of Salt)
 36142 | Vaults:4 | Reached XP level 21. HP: 157/191 MP: 30/30
 36155 | Vaults:4 | Received a gift from Trog
 36173 | Vaults:4 | Found Lixej's Weapon Shoppe.
 36366 | Vaults:4 | Found Vuicinku's Book Boutique.
 36503 | Vaults:4 | Received a gift from Trog
 36503 | Vaults:4 | Reached skill level 24 in Maces & Flails
 36727 | Vaults:5 | Entered Level 5 of the Vaults
 36868 | Vaults:4 | Received a gift from Trog
 37060 | Vaults:4 | Reached skill level 15 in Throwing
 37157 | Vaults:4 | Received a gift from Trog
 37306 | Vaults:4 | Reached skill level 15 in Dodging
 37426 | Vaults:4 | Reached skill level 14 in Evocations
 37900 | Vaults:5 | Noticed an ancient lich
 37916 | Vaults:5 | Killed an ancient lich
 37932 | Vaults:5 | Reached skill level 18 in Fighting
 38203 | Vaults:5 | Got a silver rune of Zot
 38290 | Vaults:5 | Reached skill level 18 in Armour
 38294 | Vaults:5 | Received a gift from Trog
 38340 | Vaults:5 | HP: 9/194 [yaktaur captain/uncursed hand axe of electrocution (14)]
 38522 | Vaults:5 | Received a gift from Trog
 38585 | Vaults:5 | Reached XP level 22. HP: 74/202 MP: 31/31
 38709 | Vaults:5 | Identified the amulet "Wuliots" {Gourm rPois Str-2 Dex+4} (You took it off a vault sentinel on level 5 of the Vaults)
 38968 | Vaults:5 | Reached skill level 16 in Throwing
 39144 | Vaults:5 | Noticed a golden dragon
 39157 | Vaults:5 | Killed a golden dragon
 39363 | Vaults:5 | Noticed a golden dragon
 39371 | Vaults:5 | Killed a golden dragon
 39462 | Vaults:5 | Noticed Bai Suzhen
 39477 | Vaults:5 | Killed Bai Suzhen
 39519 | Vaults:5 | Reached skill level 16 in Dodging
 39588 | Vaults:5 | Received a gift from Trog
 39627 | Vaults:5 | Noticed a golden dragon
 39644 | Vaults:5 | Killed a golden dragon
 39660 | Vaults:5 | Shot with a bolt by a yaktaur captain

Skill      XL: |  1  2  3  4  5  6  7  8  9 10 11 12 13 14 15 16 17 18 19 20 21 22 |
---------------+-------------------------------------------------------------------+-----
Maces & Flails | 4 5 6 7 8 10 11 12 13 15 16 17 18 19 20 21 22 23 24 | 24.0
Throwing       | 1 3 4 6 7 8 9 10 11 12 13 14 15 16 | 16.5
Fighting       | 4 5 6 8 9 10 11 12 13 14 15 16 17 18 | 18.7
Armour         | 3 4 6 7 9 10 11 12 13 14 15 16 17 18 | 18.6
Evocations     | 1 2 4 5 6 7 8 9 10 11 12 13 14 | 14.8
Dodging        | 5 6 8 9 11 12 13 14 15 16 | 16.0

Action                   |  1- 3 |  4- 6 |  7- 9 | 10-12 | 13-15 | 16-18 | 19-21 | 22-24 || total
-------------------------+-------+-------+-------+-------+-------+-------+-------+-------++-------
Melee: Mace              |    91 |    71 |       |       |       |       |       |       ||   162
       Headbutt          |    12 |    25 |    55 |   105 |   237 |   332 |   509 |    75 ||  1350
       Flail             |       |    42 |   310 |    10 |       |       |       |       ||   362
       Great mace        |       |       |       |   493 |   998 |   914 |  1370 |   187 ||  3962
       Dire flail        |       |       |       |    77 |       |   197 |       |       ||   274
Throw: Tomahawk          |       |     1 |       |       |    22 |   159 |     9 |       ||   191
       Javelin           |       |       |       |       |       |     2 |    37 |     9 ||    48
Invok: Berserk           |     1 |     3 |     5 |     6 |    14 |    10 |    14 |     4 ||    57
       Burn Spellbooks   |       |       |     2 |     1 |     3 |     4 |     5 |     2 ||    17
       Trog's Hand       |       |       |     3 |     2 |    11 |    16 |    11 |     1 ||    44
       Brothers in Arms  |       |       |     1 |       |     1 |     3 |     5 |       ||    10
 Abil: Evoke Flight      |       |       |     2 |       |       |       |       |       ||     2
Evoke: Wand              |       |       |       |       |       |     2 |     1 |       ||     3
  Use: Scroll            |       |       |       |    20 |     7 |     8 |    16 |     2 ||    53
       Potion            |       |       |       |       |       |     5 |     6 |       ||    11
 Stab: Sleeping          |     1 |       |       |       |       |       |       |       ||     1
       Distracted        |       |       |       |     1 |       |     1 |     1 |       ||     3
       Paralysed         |       |       |       |       |       |       |     1 |       ||     1
  Eat: Chunk             |     1 |     8 |    17 |    25 |    41 |    33 |    46 |     8 ||   179
       Ration            |       |       |       |     3 |     1 |     3 |     1 |       ||     8
Armor: Animal skin       |    20 |     4 |       |       |       |       |       |       ||    24
       Chain mail        |       |    38 |    56 |       |       |       |       |       ||    94
       Skin              |       |     7 |     4 |       |       |       |       |       ||    11
       Plate armour      |       |       |   104 |   294 |   409 |   743 |   760 |    27 ||  2337
       Gold dragon scale |       |       |       |       |       |       |       |    39 ||    39
Dodge: Dodged            |    70 |    54 |   131 |   228 |   465 |   810 |  1022 |   116 ||  2896
       Rpst.: Great mace |       |       |       |       |    19 |   140 |   223 |    19 ||   401
       Dire flail        |       |       |       |       |       |    13 |       |       ||    13
